 Dungeon Crawl Stone Soup version 0.23.2-1-ga50397a6bc (webtiles) character file.

Game seed: 9558930306587515490

120 Peloso the Covered (level 4, -2/40 HPs)
             Began as a Minotaur Fighter on May 22, 2019.
             Killed by divine providence
             ... invoked by an orc priest
              (11 damage)
             ... on level 4 of the Dungeon.
             The game lasted 00:03:34 (2001 turns).

Peloso the Covered (Minotaur Fighter)               Turns: 2001, Time: 00:03:34

Health: -2/40      AC:  7    Str: 21    XL:     4   Next: 75%
Magic:  3/3        EV:  7    Int:  5    God:
Gold:   139        SH:  9    Dex: 10    Spells: 3/3 levels left

rFire    . . .     SeeInvis .   a - +0 long sword
rCold    . . .     Gourm    .   c - +0 shield
rNeg     . . .     Faith    .   b - +0 scale mail
rPois    .         Spirit   .   (helmet restricted)
rElec    .         Reflect  .   (no cloak)
rCorr    .         Harm     .   (no gloves)
MR       .....                  (no boots)
Stlth    ..........             (no amulet)
HPRegen  0.13/turn              (no ring)
MPRegen  0.08/turn              (no ring)

@: no status effects
A: retaliatory headbutt, horns 2
a: no special abilities


You were on level 4 of the Dungeon.
You were not hungry.

You visited 1 branch of the dungeon, and saw 4 of its levels.

You collected 139 gold pieces.

Inventory:

Hand Weapons
 a - a +0 long sword (weapon)
Armour
 b - a +0 scale mail (worn)
 c - a +0 shield (worn)
Scrolls
 e - a scroll of fog {unknown}
 g - a scroll of noise {unknown}
 h - 3 scrolls of identify {unknown}
 i - 3 scrolls of magic mapping {unknown}
 j - 3 scrolls of remove curse {unknown}
 k - a scroll of immolation {unknown}
 l - a scroll of fear {unknown}
 m - a scroll of enchant armour {unknown}
 o - a scroll of amnesia {unknown}
Potions
 d - a potion of might
 n - a potion of curing {unknown}
Comestibles
 f - 5 rations


   Skills:
 + Level 4.2 Fighting
 + Level 3.7 Long Blades
 + Level 4.7 Armour
 + Level 0.2 Dodging
 + Level 0.3 Stealth
 + Level 4.5 Shields


You had 3 spell levels left.
You didn't know any spells.
Your spell library was empty.

Dungeon Overview and Level Annotations

Branches:
Dungeon (4/15)
 Temple: D:4-7

Altars:
Ashenzari
Dithmenos
The Shining One

Annotations:
D:3 3 runed translucent doors, MisterOstroum's ghost, weakling FeEn; MrMeerkat's ghost, amateur DsNe


Innate Abilities, Weirdness & Mutations

You reflexively headbutt those who attack you in melee.
You have a pair of horns on your head.


Message History

You barely miss the orc priest.
The orc priest calls down the wrath of Beogh upon you.
Beogh smites you!
You barely miss the orc priest. The orc priest closely misses you.
You furiously retaliate!
You headbutt the orc priest, but do no damage.
The orc priest hits you with a +0 dagger.
You slash the orc priest!
The orc priest is severely wounded.
The orc priest mumbles some strange prayers to Beogh against you.
Pain shoots through your body!
* * * LOW HITPOINT WARNING * * *
You hit the orc priest.
The orc priest is almost dead.
You block the orc priest's attack.
You barely miss the orc priest.
The orc priest is almost dead.
The orc priest calls down the wrath of Beogh upon you.
Beogh smites you!
You die...

######### #)......# ###
###.##.##.# ..#
#....#....#####.#
#.##.#.#.....##$# #
#....#.#.###....####....
#<####.#.....:..@o......
..............#######...
##.###.#....#<# ..
.....#.#.# #####.......#
....$..### .###... ##


You could see an orc priest.

Vanquished Creatures
  An orc wizard (D:4)
  3 adders (D:3)
  A worm (D:3)
  2 dart slugs
  A leopard gecko (D:3)
  3 orcs (D:4)
  6 bats
  3 giant cockroaches (D:2)
  6 goblins
  5 hobgoblins
  2 jackals (D:2)
  A quokka (D:3)
  3 ball pythons
  2 frilled lizards (D:1)
  8 kobolds
  10 rats
57 creatures vanquished.

Vanquished Creatures (others)
  A withered plant (D:3)
1 creature vanquished.

Grand Total: 58 creatures vanquished

Notes
Turn   | Place    | Note
-------+----------+-------------------------------------------
     0 | D:1      | Peloso the Minotaur Fighter began the quest for the Orb.
     0 | D:1      | Reached XP level 1. HP: 19/19 MP: 0/0
   241 | D:1      | Reached XP level 2. HP: 26/27 MP: 1/1
   616 | D:1      | Found a shattered altar of Ashenzari.
  1028 | D:2      | Found a glowing golden altar of the Shining One.
  1163 | D:2      | Reached XP level 3. HP: 31/33 MP: 2/2
  1650 | D:3      | Found a shadowy altar of Dithmenos.
  1659 | D:3      | Reached XP level 4. HP: 21/40 MP: 3/3
  1776 | D:3      | Found a runed translucent gate.
  1776 | D:3      | Found a runed translucent gate.
  1777 | D:3      | Found a runed translucent gate.
  1780 | D:3      | Noticed MrMeerkat's ghost (amateur DsNe)
  1780 | D:3      | Noticed MisterOstroum's ghost (weakling FeEn)
  2001 | D:4      | Killed from afar by an orc priest

Skill      XL: |  1  2  3 |
---------------+----------+-----
Fighting       | 4 |  4.2
Armour         | 4 |  4.7
Shields        | 4 |  4.5
Long Blades    | 3 |  3.7
Dodging        | |  0.2
Stealth        | |  0.3

Action                   |  1- 3 |  4- 6 || total
-------------------------+-------+-------++-------
Melee: Long sword        |   117 |    39 ||   156
       Headbutt          |    15 |     8 ||    23
  Eat: Chunk             |     2 |     2 ||     4
Armor: Scale mail        |    59 |    13 ||    72
Dodge: Dodged            |    36 |     5 ||    41
Block: Shield            |    61 |    25 ||    86
       Rpst.: Long sword |    15 |     2 ||    17
